 Dungeon Crawl Stone Soup version 0.22-a0-422-g9628fc8 (webtiles) character file.

113 Mgcat the Firebug (level 4, -3/24 HPs)
             Began as a Gargoyle Fire Elementalist on May 20, 2018.
             Slain by a two-headed ogre
             ... wielding a +0 giant club
              (27 damage)
             ... on level 3 of the Dungeon.
             The game lasted 00:04:46 (2293 turns).

Mgcat the Firebug (Gargoyle Fire Elementalist)      Turns: 2293, Time: 00:04:47

Health: -3/24      AC:  5    Str: 11    XL:     4   Next: 96%
Magic:  1/8        EV: 12    Int: 17    God:
Gold:   55         SH:  0    Dex: 10    Spells: 3/9 levels left

rFire    . . .     SeeInvis .   j - +1 short sword (vamp) {!w}
rCold    . . .     Gourm    .   (no shield)
rNeg     + . .     Faith    .   a - +0 robe
rPois    ∞         Spirit   .   (no helmet)
rElec    +         Reflect  .   (no cloak)
rCorr    .         Harm     .   (no gloves)
MR       .....                  (no boots)
Stlth    ++........             (no amulet)
HPRegen  0.08/turn              (no ring)
MPRegen  0.11/turn              (no ring)

@: no status effects
A: negative energy resistance 1, electricity resistance, unbreathing,
petrification resistance, rot immunity, AC +3
a: no special abilities


You were on level 3 of the Dungeon.
You were not hungry.

You visited 1 branch of the dungeon, and saw 3 of its levels.

You collected 55 gold pieces.

Inventory:

Hand Weapons
 e - a +1 vampiric short sword {!w}
   (You took it off a kobold on level 1 of the Dungeon)
 j - a +1 vampiric short sword (weapon) {!w}
   (You found it on level 1 of the Dungeon)
Armour
 a - a +0 robe (worn)
Scrolls
 g - a scroll of identify {unknown}
 h - a scroll of fear {unknown}
 i - 2 scrolls of magic mapping {unknown}
 l - 3 scrolls of teleportation {unknown}
 m - a scroll of remove curse {unknown}
Potions
 b - a potion of flight {unknown}
 c - a potion of lignification {unknown}
 d - 3 potions of curing {unknown}
 n - a potion of berserk rage {unknown}
 o - a potion of heal wounds {unknown}
Comestibles
 f - a chunk of flesh {@w0}
 k - 4 rations


   Skills:
 - Level 1.5 Dodging
 - Level 2.1 Stealth
 + Level 3.1 Spellcasting
 + Level 2.9 Conjurations
 + Level 3.9 Fire Magic


You had 3 spell levels left.
You knew the following spells:

 Your Spells              Type           Power        Failure   Level  Hunger
a - Flame Tongue          Conj/Fire      ##...        4%          1    None
b - Throw Flame           Conj/Fire      ##....       6%          2    ##.....
c - Conjure Flame         Conj/Fire      ##......     12%         3    ###....

Your spell library contained the following spells:

 Spells                   Type           Power        Failure   Level  Hunger
 Fireball                 Conj/Fire      ##........   75%         5    ######.
 Sticky Flame             Conj/Fire      ##......     38%         4    ####...
 Inner Flame              Hex/Fire       #.......     22%         3    ###....


Dungeon Overview and Level Annotations

Branches:
Dungeon (3/15)

Altars:
Ashenzari
Nemelex Xobeh
Ru
Uskayaw


Innate Abilities, Weirdness & Mutations

You are resistant to torment.
Your stone body is resilient. (AC +3)
You are immune to poison.
You resist negative energy. (rN+)
You are resistant to electric shocks. (rElec)
You can survive without breathing.
You are immune to petrification.
You are immune to rotting.


Message History

The puff of flame hits the adder.
The adder is severely wounded.
Casting: Throw Flame (safe; 7% risk of failure)
Confirm with . or Enter, or press ? or * to list all spells.
Aiming: Throw Flame (safe; 7% risk of failure)
Press: ? - help, Shift-Dir - straight line, f/p - adder
Aim: an adder (severely wounded)
You miscast Throw Flame.
You are very lightly contaminated with residual magic.
Heat runs through your body. The adder barely misses you.
Casting: Throw Flame (safe; 7% risk of failure)
Confirm with . or Enter, or press ? or * to list all spells.
You don't have enough magic to cast that spell.
Casting: Throw Flame (safe; 7% risk of failure)
Confirm with . or Enter, or press ? or * to list all spells.
Aiming: Flame Tongue (safe; 4% risk of failure)
Press: ? - help, Shift-Dir - straight line, f/p - adder
Aim: an adder (severely wounded)
The flame tongue hits the adder.
You kill the adder!
Your magical contamination has completely faded away.
Eating one of 2 chunks of flesh {@w0}.
You eat one of the 2 chunks of flesh {@w0}.
This raw flesh tastes terrible.
You see here 26 stones.
k - 4 rations (gained 1)
d - 3 silvery potions (gained 1)
A bat comes into view.
Casting: Flame Tongue (safe; 4% risk of failure)
Confirm with . or Enter, or press ? or * to list all spells.
Aiming: Throw Flame (safe; 6% risk of failure)
Press: ? - help, Shift-Dir - straight line, f - bat
Aim: a bat The puff of flame hits the bat.
You kill the bat!
An ooze comes into view.
Casting: Throw Flame (safe; 6% risk of failure)
Confirm with . or Enter, or press ? or * to list all spells.
Aiming: Throw Flame (safe; 6% risk of failure)
Press: ? - help, Shift-Dir - straight line, f - ooze
Aim: an ooze (resting)
The puff of flame hits the ooze.
The ooze is heavily wounded.
Casting: Throw Flame (safe; 6% risk of failure)
Confirm with . or Enter, or press ? or * to list all spells.
You can't see any susceptible monsters within range! (Use Z to cast anyway.)
The ooze is too close now for your liking.
Casting: Throw Flame (safe; 6% risk of failure)
Confirm with . or Enter, or press ? or * to list all spells.
Aiming: Throw Flame (safe; 6% risk of failure)
Press: ? - help, Shift-Dir - straight line, f/p - ooze
Aim: an ooze (heavily wounded)
The puff of flame hits the ooze.
The ooze is severely wounded.
Casting: Throw Flame (safe; 6% risk of failure)
Confirm with . or Enter, or press ? or * to list all spells.
Aiming: Throw Flame (safe; 6% risk of failure)
Press: ? - help, Shift-Dir - straight line, f/p - ooze
Aim: an ooze (severely wounded)
The puff of flame hits the ooze.
You kill the ooze!
Found a stone staircase leading up and a stone staircase leading down.
Found a stone staircase leading up.
You see here a dagger.
An orc comes into view. It is wielding a short sword.
Casting: Throw Flame (safe; 6% risk of failure)
Confirm with . or Enter, or press ? or * to list all spells.
Aiming: Throw Flame (safe; 6% risk of failure)
Press: ? - help, Shift-Dir - straight line, f - orc
Aim: an orc, wielding a short sword and wearing a ring mail (hasn't noticed you)
The puff of flame hits the orc.
You kill the orc!
A two-headed ogre comes into view. It is wielding two giant clubs.
Found 8 gold pieces.
Found an escape hatch in the ceiling.
Things that are here:
a short sword; a ring mail; an orc corpse
Casting: Throw Flame (safe; 6% risk of failure)
Confirm with . or Enter, or press ? or * to list all spells.
Aiming: Throw Flame (safe; 6% risk of failure)
Press: ? - help, Shift-Dir - straight line, f - two-headed ogre
Aim: a two-headed ogre, wielding two giant clubs (resting)
The puff of flame hits the two-headed ogre.
The two-headed ogre is lightly wounded.
Casting: Throw Flame (safe; 6% risk of failure)
Confirm with . or Enter, or press ? or * to list all spells.
Aiming: Conjure Flame (safe; 12% risk of failure)
Press: ? - help, Dir - move target cursor, p - two-headed ogre The fire ignites!
Casting: Conjure Flame (safe; 12% risk of failure)
Confirm with . or Enter, or press ? or * to list all spells.
Aiming: Flame Tongue (safe; 4% risk of failure)
Press: ? - help, Shift-Dir - straight line, f - two-headed ogre
Aim: a two-headed ogre, wielding two giant clubs (flame)
The flame tongue hits the two-headed ogre.
The two-headed ogre is lightly wounded.
The two-headed ogre is engulfed in blazing flames.
The two-headed ogre barely misses you.
The two-headed ogre hits you with a giant club!!
Ouch! That really hurt!
You die...

#.# #.# .. #.###.####.#
#< ###........... ### #.
####........##### ..$..
................ ##.#.
##...###...##### ##....
##........#.....#
#.....##.......#...###.#
#....O@.....>.)..##
##.####.......####
##..<..## #.#....#
#.###.#.# ..# #....#
#......##........
....##.. [####..## ##)
#...# #


You could see a two-headed ogre.

Vanquished Creatures
  5 adders
  2 oozes
  2 worms (D:2)
  2 dart slugs (D:2)
  2 leopard geckos
  2 orcs
  2 bats
  2 giant cockroaches
  A goblin (D:1)
  6 hobgoblins
  5 jackals
  6 kobolds
  A ball python (D:2)
  4 frilled lizards
  7 rats
49 creatures vanquished.

Vanquished Creatures (others)
  17 toadstools (D:3)
17 creatures vanquished.

Grand Total: 66 creatures vanquished

Notes
Turn   | Place    | Note
-------+----------+-------------------------------------------
     0 | D:1      | Mgcat the Gargoyle Fire Elementalist began the quest for the Orb.
     0 | D:1      | Reached XP level 1. HP: 10/10 MP: 3/3
   131 | D:1      | Reached XP level 2. HP: 14/15 MP: 0/5
   137 | D:1      | Learned a level 2 spell: Throw Flame
   269 | D:1      | HP: 3/15 [jackal (3)]
   628 | D:1      | Reached XP level 3. HP: 18/19 MP: 3/6
   781 | D:1      | Reached skill level 2 in Conjurations
   950 | D:2      | Found a sparkling altar of Nemelex Xobeh.
   955 | D:2      | Learned a level 3 spell: Conjure Flame
  1158 | D:2      | Reached XP level 4. HP: 24/24 MP: 6/8
  1175 | D:2      | Found a shattered altar of Ashenzari.
  1364 | D:2      | Found a hide-covered altar of Uskayaw.
  1773 | D:2      | Found a sacrificial altar of Ru.
  2046 | D:3      | Reached skill level 3 in Spellcasting
  2289 | D:3      | Noticed a two-headed ogre
  2293 | D:3      | Slain by a two-headed ogre

Vault maps used:
D:1:      shiori_shiawase
D:2:      nemelex_xobeh_ov_fountains_minmay, eat_drink_and_be_merry_uskayaw,
          nicolae_ru_sacrificial_ziggurat, first_ration,
          nicolae_ashenzari_panopticon
D:3:      tgw_fedhas, trog_eyes_of_draining, chequers_ecumenical_altar_simple,
          uniq_robin

Skill      XL: |  1  2  3  4 |
---------------+-------------+-----
Conjurations   | 2 |  2.9
Spellcasting   | 3 |  3.1
Dodging        | |  1.5
Stealth        | |  2.1
Fire Magic     | |  3.9

Action                   |  1- 3 |  4- 6 || total
-------------------------+-------+-------++-------
Melee: Dagger            |    43 |       ||    43
       Short sword       |    13 |    14 ||    27
 Cast: Flame Tongue      |    34 |    42 ||    76
       Throw Flame       |       |    13 ||    13
       Conjure Flame     |       |     1 ||     1
 Stab: Sleeping          |     2 |       ||     2
  Eat: Ration            |     2 |       ||     2
       Chunk             |       |     3 ||     3
Armor: Robe              |    22 |     7 ||    29
Dodge: Dodged            |    40 |    16 ||    56

Table legend:
 A = Spawn XP
 B = Non-spawn XP
 C = Spawn XP percentage of total XP
 D = Spawn monster count
 E = Non-spawn monster count
 F = Spawn count percentage of total count
 G = Total turns spent on level
                    A         B        C        D         E        F      G
               +---------+---------+-------+---------+---------+-------+---------
         Total |       0 |     162 |   0.0 |       0 |      49 |   0.0 |  2293
               +---------+---------+-------+---------+---------+-------+---------
           D:1 |       0 |      40 |   0.0 |       0 |      22 |   0.0 |   947
           D:2 |       0 |      80 |   0.0 |       0 |      20 |   0.0 |  1040
           D:3 |       0 |      42 |   0.0 |       0 |       7 |   0.0 |   306
               +---------+---------+-------+---------+---------+-------+---------

Vault maps used:
D:1:      shiori_shiawase
D:2:      nemelex_xobeh_ov_fountains_minmay, eat_drink_and_be_merry_uskayaw,
          nicolae_ru_sacrificial_ziggurat, first_ration,
          nicolae_ashenzari_panopticon
D:3:      tgw_fedhas, trog_eyes_of_draining, chequers_ecumenical_altar_simple,
          uniq_robin

Table legend:
 A = Turns spent in this place as a percentage of turns spent in the entire game.
 B = Non-inter-level travel turns spent in this place as a percentage of non-inter-level travel turns spent in the entire game.
 C = Inter-level travel turns spent in this place as a percentage of turns spent in this place.
 D = Turns resting spent in this place as a percentage of non-inter-level travel turns spent in this place.
 E = Turns spent auto-exploring this place as a percentage of non-inter-level travel turns spent in this place.
 F = Non-inter-level travel turns spent in this place divided by the number of levels of this place that you've seen.
                   A       B       C       D       E      F
               +-------+-------+-------+-------+-------+----------------------
         Total | 100.0 | 100.0 |   2.4 |   0.2 |  83.7 | 746.3
       Dungeon | 100.0 | 100.0 |   2.4 |   0.2 |  83.7 | 746.3
               +-------+-------+-------+-------+-------+----------------------

Table legend:
 A = Kills in this place as a percentage of kills in entire the game.
 B = Kills by you in this place as a percentage of kills by you in the entire game.
 C = Kills by friends in this place as a percentage of kills by friends in the entire game.
 D = Other kills in this place as a percentage of other kills in the entire game.
 E = Experience gained in this place as a percentage of experience gained in the entire game.
 F = Experience gained in this place divided by the number of levels of this place that you have seen.
                   A       B       C       D       E      F
               +-------+-------+-------+-------+-------+----------------------
         Total | 100.0 | 100.0 |   N/A |   N/A | 100.0 |  54.0
       Dungeon | 100.0 | 100.0 |   N/A |   N/A | 100.0 |  54.0
               +-------+-------+-------+-------+-------+----------------------
